 Dungeon Crawl Stone Soup version 0.29.1-1-gd02db69 (webtiles) character file.

Game seed: 3338518540580641103

49 samcosmo the Sneak (level 4, 0/25 HPs)
             Began as a Kobold Enchanter on Mar 29, 2023.
             Slain by a hobgoblin
             ... wielding a +0 spear
              (5 damage)
             ... on level 2 of the Dungeon.
             The game lasted 00:03:12 (1686 turns).

samcosmo the Sneak (Kobold Enchanter)               Turns: 1686, Time: 00:03:14

Health: 0/25       AC:  2    Str:  5    XL:     4   Next: 1%
Magic:  7/7        EV: 15    Int: 16    God:
Gold:   81         SH:  0    Dex: 17    Spells: 6/8 levels left

rFire   . . .      SeeInvis .   p - +0 dagger (venom)
rCold   . . .      Faith    .   (no shield)
rNeg    . . .      Spirit   .   b - +0 robe
rPois   .          Reflect  .   (no helmet)
rElec   .          Harm     .   (no cloak)
rCorr   .          Rampage  .   (no gloves)
Will    .....                   (no boots)
Stlth   ++++......              (no amulet)
HPRegen 0.08/turn               (no ring)
MPRegen 0.10/turn               (no ring)

@: lethally poisoned (0 -> -8)
A: small, no large weapons, nightstalker 3
a: no special abilities


You were on level 2 of the Dungeon.
You visited 1 branch of the dungeon, and saw 2 of its levels.

You collected 81 gold pieces.

Inventory:

Hand Weapons
 a - a +1 dagger
 p - a +0 dagger of venom (weapon)
Armour
 b - a +0 robe (worn)
 i - a scarf of invisibility
Scrolls
 d - 3 scrolls of identify
 e - a scroll of magic mapping {unknown}
 f - a scroll of teleportation {unknown}
 g - a scroll of vulnerability {unknown}
 j - a scroll of poison {unknown}
 l - a scroll of noise {unknown}
 m - a scroll of summoning {unknown}
 n - a scroll of fog {unknown}
 q - a scroll of immolation {unknown}
Potions
 c - 2 potions of invisibility
 h - 2 potions of flight
 k - a potion of curing {unknown}
 o - a potion of heal wounds {unknown}


   Skills:
 + Level 1.2 Fighting
 + Level 2.1 Short Blades
 - Level 2.4 Dodging
 + Level 4.4 Stealth
 + Level 2.6 Spellcasting
 + Level 3.4 Hexes
 * Level 1.0 Evocations


You had 6 spell levels left.
You knew the following spells:

 Your Spells              Type           Power      Damage    Failure   Level
a - Ensorcelled Hibernat  Hex/Ice        14%        N/A       14%         2

Your spell library contained the following spells:

 Spells                   Type           Power      Damage    Failure   Level
 Confusing Touch          Hex            13%        N/A       14%         3
 Tukima's Dance           Hex            13%        N/A       14%         3
 Dazzling Flash           Conj/Hex       14%        N/A       28%         3


Dungeon Overview and Level Annotations

Branches:
Dungeon (2/15)

Altars:


Innate Abilities, Weirdness & Mutations

You are small and have problems with some larger weapons.
You are completely attuned to the shadows.


Message History

You have reached level 4!
Things that are here:
8 stones; a hobgoblin corpse
Found a stone staircase leading down.
There is an open door here.
Found a mace.
q - a scroll labelled IJUNLU SEUNIPS An adder and a hobgoblin come into view.
The hobgoblin shouts!
The adder hisses angrily.
A hobgoblin comes into view.
The hobgoblin completely misses you. The adder closely misses you.
You hit the adder but do no damage.
The adder is poisoned.
The adder closely misses you.
The hobgoblin hits you from afar with a +0 spear.
You barely miss the adder. The adder bites you.
You are poisoned.
The adder poisons you! The hobgoblin misses you.
The hobgoblin barely misses you.
You hit the adder.
The adder looks as sick as possible!
The adder is moderately wounded.
You feel sick. The adder bites you.
The hobgoblin hits you from afar with a +0 spear.
The hobgoblin closely misses you. The adder bites you.
You are more poisoned.
The adder poisons you!
As you read the scroll labelled YLLOAN LYELIO, it crumbles to dust.
It is a scroll of identify.
h - 2 potions of flight You feel sick.
The adder barely misses you.
The hobgoblin hits you from afar with a +0 spear.
* * * LOW HITPOINT WARNING * * *
The hobgoblin completely misses you.
You hit the adder but do no damage.
The adder looks as sick as possible!
The adder is severely wounded.
* * * LOW HITPOINT WARNING * * *
You feel sick.
You kill the adder!
The hobgoblin closely misses you.
The hobgoblin hits you from afar with a +0 spear.
You die...

####.....^.
#############.......
#...........+.......
#......######.......
####...>..'..# #.......
#.........##.###.......
#.........##..##.......
#.........###..#.......
#.....@...# ##...... ..
#.....g†.)# #.....####
#......g..# #.....#...
.........# #.(.......
........# #.........
#.....#### #.....####
#.....#... #.....#...


You could see 2 hobgoblins.

Vanquished Creatures
  An adder (D:2)
  2 worms (D:2)
  3 dart slugs (D:1)
  4 endoplasms (D:1)
  7 hobgoblins
  2 jackals (D:1)
  2 kobolds
  3 quokkas (D:1)
  6 bats
  2 frilled lizards
  2 rats
34 creatures vanquished.

Notes
Turn   | Place    | Note
-------+----------+-------------------------------------------
     0 | D:1      | samcosmo the Kobold Enchanter began the quest for the Orb.
     0 | D:1      | Reached XP level 1. HP: 10/10 MP: 3/3
     4 | D:1      | Noticed an electric eel
     7 | D:1      | Noticed an electric eel
   274 | D:1      | Reached XP level 2. HP: 13/16 MP: 5/5
   277 | D:1      | Learned a level 2 spell: Ensorcelled Hibernation
   647 | D:1      | Reached XP level 3. HP: 19/20 MP: 6/6
   759 | D:1      | Found a faded altar of an unknown god.
   858 | D:1      | Reached skill level 1 in Fighting
  1655 | D:2      | Reached skill level 1 in Evocations
  1655 | D:2      | Reached XP level 4. HP: 25/25 MP: 7/7
  1686 | D:2      | Slain by a hobgoblin

Illustrated notes

Levels and vault maps discovered:
D:1:      arrival_aquarium_b, layout_loops_corners,
          shapermc_ecumenical_altar_mp_vishouse, kennysheep_decorative_pillar,
          hangedman_decor_growths
D:2:      layout_basic, nicolae_wormholes

Skill      XL: |  1  2  3 |
---------------+----------+-----
Short Blades   | 2 |  2.1
Fighting       | 1 |  1.2
Evocations     | 1 |  1.0
Dodging        | |  2.4
Stealth        | |  4.4
Spellcasting   | |  2.6
Hexes          | |  3.4

Action                   |  1- 3 |  4- 6 || total
-------------------------+-------+-------++-------
Melee: Dagger            |    82 |     4 ||    86
       Punch             |     1 |       ||     1
  Use: Scroll            |       |     1 ||     1
 Stab: Sleeping          |    20 |       ||    20
Armor: Robe              |    11 |       ||    11
Dodge: Dodged            |    48 |     9 ||    57
